 Dungeon Crawl Stone Soup version 0.29.1-1-gd02db6906a (webtiles) character file.

Game seed: 3595854800774151436

770 MisterFreud the Cudgeller (level 8, -1/60 HPs)
             Began as a Formicid Gladiator on Sept 22, 2022.
             Slain by a water moccasin (8 damage)
             ... on level 8 of the Dungeon.
             The game lasted 00:05:17 (6052 turns).

MisterFreud the Cudgeller (Formicid Gladiator)      Turns: 6052, Time: 00:05:18

Health: -1/60      AC:  6    Str: 21    XL:     8   Next: 9%
Magic:  8/8        EV: 13    Int: 14    God:
Gold:   318        SH:  0    Dex: 19    Spells: 7/7 levels left

rFire   . . .      SeeInvis +   a - +0 flail (venom)
rCold   . . .      Faith    .   (no shield)
rNeg    + . .      Spirit   .   p - +3 leather armour "Enukh" {Dex+4}
rPois   .          Reflect  .   (helmet unavailable)
rElec   .          Harm     .   (no cloak)
rCorr   .          Rampage  .   (no gloves)
Will    .....                   (no boots)
Stlth   +.........              (no amulet)
HPRegen 0.20/turn               h - +6 ring of intelligence
MPRegen 0.11/turn               v - ring of positive energy

@: lethally poisoned (-1 -> -11)
A: permanent stasis, dig shafts and tunnels, antennae 3, four strong arms
a: Dig, Shaft Self


You were on level 8 of the Dungeon.
You visited 2 branches of the dungeon, and saw 9 of its levels.

You collected 318 gold pieces.

Inventory:

Hand Weapons
 a - a +0 flail of venom (weapon)
 k - a +4 short sword of draining
Missiles
 c - 3 throwing nets (quivered)
 d - a javelin
 q - 2 poisoned darts
Armour
 b - a +0 leather armour
 p - the +3 leather armour "Enukh" (worn) {Dex+4}
   (You found it on level 3 of the Dungeon)

   Dex:       It affects your dexterity (+4).
Jewellery
 h - a +6 ring of intelligence (left hand)
 v - a ring of positive energy (right hand)
Wands
 g - a wand of acid (6)
 o - a wand of polymorph (11)
Scrolls
 f - 3 scrolls of identify
 l - a scroll of magic mapping {unknown}
 y - a scroll of vulnerability {unknown}
 A - a scroll of fear {unknown}
Potions
 e - 4 potions of resistance
 i - a potion of brilliance
 j - a potion of cancellation {unknown}
 m - a potion of might
 n - a potion of invisibility {unknown}
 r - a potion of haste
 s - a potion of lignification {unknown}
 t - 2 potions of flight {unknown}
 u - a potion of magic {unknown}
 w - a potion of berserk rage {unknown}
 x - 2 potions of curing {unknown}
 z - a potion of attraction {unknown}


   Skills:
 + Level 4.2 Fighting
 + Level 7.6 Maces & Flails
 - Level 2.0 Throwing
 + Level 3.3 Armour
 - Level 2.6 Dodging


You had 7 spell levels left.
You didn't know any spells.
Your spell library contained the following spells:

 Spells                   Type           Power      Damage    Failure   Level
 Petrify                  Tmut/Erth      0%         N/A       97%         4
 Metabolic Englaciation   Hex/Ice        0%         N/A       100%        5
 Statue Form              Tmut/Erth      0%         N/A       100%        6


Dungeon Overview and Level Annotations

Branches:
Dungeon (9/15)             Temple (1/1) D:5
   Lair: D:8-11         Orc: D:9-12

Altars:
Cheibriados
Dithmenos
Fedhas
Gozag
Hepliaklqana
Kikubaaqudgha
Makhleb
Nemelex Xobeh
Okawaru
Qazlal
Ru
Sif Muna
Trog
Uskayaw
Vehumet
Wu Jian
Xom
Zin
The Shining One

Annotations:
D:3 1 runed translucent door, enotiy's ghost, amateur MiBe


Innate Abilities, Weirdness & Mutations

You cannot be hasted, slowed, berserked, paralysed or teleported.
You can dig through walls and to a lower floor.
You have a pair of large antennae on your head. (SInv)
Your four strong arms can wield two-handed weapons with a shield.


Message History

No target in view!
You see here a scroll of teleportation.
A water moccasin comes into view.
Things that are here:
a +0 great mace; a +0 chain mail The water moccasin hisses angrily.
Things that are here:
a +0 club; an orc corpse The water moccasin bites you!
You are poisoned.
The water moccasin poisons you!
Things that are here:
a +0 mace; a +0 leather armour; an orc corpse You barely miss the water moccasin.
You feel very sick.
The water moccasin bites you but does no damage. x2
You hit the water moccasin.
The water moccasin is lightly wounded.
You feel very sick. The water moccasin bites you.
You are more poisoned.
The water moccasin poisons you!
You are too injured to fight recklessly!
You hit the water moccasin.
The water moccasin is moderately wounded.
You feel very sick. The water moccasin bites you!
* * * LOW HITPOINT WARNING * * *
The water moccasin bites you but does no damage.
You miss the water moccasin.
The water moccasin is moderately wounded.
* * * LOW HITPOINT WARNING * * *
You feel very sick. The water moccasin barely misses you.
It was a potion of haste.
Your stasis prevents you from being hasted.
* * * LOW HITPOINT WARNING * * *
You feel very sick. The water moccasin bites you!
You die...

#......#.####
#......#....#
#......#..#.#
#......#..#... ..
#......#..####.# ..[
#......#.....# .#
.... ####......##.#
..
#...######......##.#
#
.......)@S......##.#
.####..)###'###....#
.......?# #.# ######
........# #.#
........# #.#
......### #.. ......
### ...... ......


You could see a water moccasin.

Vanquished Creatures
  2 black bears (D:5)
  A bullfrog (D:6)
  A howler monkey (D:4)
  2 jellies
  A hound (D:5)
  An orc priest (D:5)
  An iguana (D:3)
  4 orc wizards
  11 adders
  A shadow imp (D:5)
  A white imp (D:5)
  An ufetubus (D:5)
  A worm (D:3)
  2 dart slugs (D:1)
  27 orcs
  2 bats (D:1)
  4 endoplasms
  3 giant cockroaches
  5 goblins
  5 hobgoblins
  10 jackals
  4 quokkas
  6 ball pythons
  A frilled lizard (D:3)
  10 kobolds
  4 rats
111 creatures vanquished.

Notes
Turn   | Place    | Note
-------+----------+-------------------------------------------
     0 | D:1      | MisterFreud the Formicid Gladiator began the quest for the
                  | Orb.
     0 | D:1      | Reached XP level 1. HP: 16/16 MP: 1/1
    79 | D:1      | Reached XP level 2. HP: 17/22 MP: 2/2
   560 | D:1      | Reached skill level 4 in Maces & Flails
   560 | D:1      | Reached XP level 3. HP: 24/27 MP: 3/3
  1285 | D:2      | Reached XP level 4. HP: 10/33 MP: 4/4
  1556 | D:2      | Found a faded altar of an unknown god.
  1585 | D:2      | Identified the +0 robe of the Lion {SInv}
  1899 | D:2      | Reached skill level 5 in Maces & Flails
  2059 | D:3      | Reached XP level 5. HP: 28/38 MP: 5/5
  2200 | D:3      | Noticed enotiy's ghost (amateur MiBe)
  2203 | D:3      | Found a runed translucent door.
  2551 | D:3      | Identified the +3 leather armour "Enukh" {Dex+4}
  2875 | D:3      | Reached skill level 6 in Maces & Flails
  3055 | D:4      | Reached XP level 6. HP: 44/44 MP: 6/6
  4111 | D:5      | Entered Level 5 of the Dungeon
  4119 | D:4      | Reached skill level 1 in Armour
  4283 | D:5      | Reached skill level 7 in Maces & Flails
  4283 | D:5      | Reached XP level 7. HP: 42/51 MP: 7/7
  5373 | D:5      | Found a staircase to the Ecumenical Temple.
  5472 | Temple   | Entered the Ecumenical Temple
  5955 | D:6      | Reached XP level 8. HP: 60/60 MP: 8/8
  5968 | D:6      | You fall into a shaft and drop 3 floors!
  5984 | D:9      | Noticed a slime creature
  5987 | D:9      | Noticed a slime creature
  5988 | D:9      | Noticed a slime creature
  6052 | D:8      | Slain by a water moccasin

Illustrated notes

Levels and vault maps discovered:
D:1:      erik_arrival_triangle_medium, layout_basic
D:2:      layout_basic, basic_ecumenical_altar, corexii_item_surrounded_by_moat
D:3:      layout_loops_cross, hellmonk_ghost_happy_afterlife
D:4:      layout_basic
D:5:      layout_basic, minmay_temple_entry_drinking_statues
D:6:      layout_gridville
D:8:      layout_basic, amcnicky_mini_pool_small
D:9:      layout_loops_ring, dpeg_lair_monsters
Temple:   nicolae_temple_bog_church

Skill      XL: |  1  2  3  4  5  6  7 |
---------------+----------------------+-----
Maces & Flails | 4 5 6 7 |  7.6
Armour         | 1 3 |  3.3
Fighting       | 4 |  4.2
Throwing       | |  2.0
Dodging        | |  2.6

Action                   |  1- 3 |  4- 6 |  7- 9 || total
-------------------------+-------+-------+-------++-------
Melee: Flail             |    85 |   153 |    79 ||   317
       Punch             |       |       |     2 ||     2
  Use: Scroll            |     3 |     4 |       ||     7
       Potion            |       |     1 |     1 ||     2
 Stab: Sleeping          |     1 |     1 |     1 ||     3
Armor: Leather armour    |    23 |    52 |    32 ||   107
Dodge: Dodged            |    66 |   113 |    49 ||   228
